[Event "Monday 15 January Rapid Engine Tour 12+1 Rounds 9 Starts 1600 ST"]
[Site "Infinity Chess"]
[Date "2018.1.15"]
[Round "7"]
[White "THE_MACHINE"]
[Black "KULLANI"]
[Result "1/2-1/2"]
[ECO "C50"]
[WhiteElo "2494"]
[BlackElo "2454"]
[WhiteEngine "Houdini 6"]
[BlackEngine "BrainFish_180106_x64_CTG"]
[EventType "Swiss"]
[WhiteTeam ""]
[BlackTeam ""]
[PlyCount "425"]
[TimeControl "720+1"]

1. e4 e5 2. Nf3 Nc6 3. Bc4 Bc5 4. O-O Nf6 5. d3 d6 6. c3 a5 7. Re1 h6 8. h3 O-O 
9. Nbd2 Be6 10. a4 Ba7 11. b3 Nd7 12. Ra2 Qf6 13. Nf1 Qg6 14. g4 Rad8 
15. Ng3 Nc5 16. Nh4 Qh7 17. Nhf5 Bxc4 18. bxc4 Ne6 19. Rb2 Rb8 20. Kg2 Bc5 
21. Rb5 b6 22. h4 Qg6 23. Rh1 f6 24. h5 Qe8 25. Nh4 Ne7 26. Ngf5 Rf7 27. Rb1 Nf8 
28. Nxe7+ Qxe7 29. Nf5 Qe8 30. Re1 Ne6 31. d4 exd4 32. cxd4 Bb4 33. Re2 Qd8 
34. f3 Qd7 35. Kg3 Rff8 36. Be3 Rbc8 37. Kg2 Rfe8 38. d5 Nc5 39. Ra1 Rf8 
40. Qc2 Rcd8 41. Bg1 Rc8 42. Bd4 Rce8 43. Bb2 Rf7 44. Kh1 Kh8 45. Bd4 c6 
46. Bf2 Qc7 47. Qd1 Nd7 48. Kg2 Rb8 49. Rc2 Bc5 50. Bd4 Bb4 51. Rb1 Nc5 
52. Rcb2 Nd7 53. Qe2 Rff8 54. Bf2 Ne5 55. Rd1 Rfe8 56. Bd4 Nd7 57. Rbb1 Rbc8 
58. Kg3 Kg8 59. Ra1 Nc5 60. Rdb1 Nd7 61. Rc1 Kh8 62. Kh3 Kh7 63. Bb2 Qb7 
64. Rab1 Kg8 65. Bc3 Bxc3 66. Rxc3 Qc7 67. Qd1 Re5 68. Rcc1 Nc5 69. Nd4 cxd5 
70. cxd5 Ree8 71. Nf5 Rb8 72. Rc4 Red8 73. Qc1 Rb7 74. Qc2 Kh8 75. Qd2 Qb8 
76. Qe3 Rc8 77. Qd4 Qc7 78. Qd2 Qd8 79. Qc2 Kg8 80. Qh2 Rd7 81. Qd2 Rb7 
82. Qc2 Rd7 83. Qc1 Rb7 84. Rb2 Qd7 85. Qb1 Qc7 86. Qg1 Qd8 87. Rb5 Kh8 
88. Kg3 Qd7 89. Qb1 Qd8 90. Kh3 Qc7 91. Qc1 Kg8 92. Qe3 Kh8 93. Qd2 Qd8 
94. Qc1 Rbc7 95. Qe3 Rb7 96. Kg3 Qd7 97. Qe2 Qd8 98. Qd2 Rbc7 99. Qe3 Rf7 
100. Kg2 Kg8 101. Rb2 Kh8 102. Kg3 Rd7 103. Kh3 Rb7 104. Qd2 Rf7 105. Qh2 Rd7 
106. Rb5 Kh7 107. Kg3 Rb7 108. Qb2 Kh8 109. Kh3 Kg8 110. Qc2 Kh8 111. Kh2 Qc7 
112. Nd4 Qd7 113. Rb2 Kg8 114. Kg2 Kh8 115. Rb5 Re8 116. Nf5 Rc8 117. f4 Re8 
118. Qb1 Reb8 119. Qb2 Kh7 120. Kh2 Qc7 121. Qb1 Kg8 122. Qd1 Re8 123. Kh3 Qd7 
124. Qb1 Qc7 125. Rb3 Qd8 126. Rb2 Qc7 127. Rb5 Kh8 128. Kg2 Kg8 129. Kf3 Reb8 
130. Kg3 Kh8 131. Qb2 Kg8 132. Qd4 Qd7 133. Kh4 Rd8 134. Qd1 Re8 135. Qc2 Qc7 
136. Qc1 Qd7 137. Qb1 Qc7 138. Kg3 Reb8 139. Qa1 Qd8 140. Kh3 Qc7 141. Kh4 Kh7 
142. Kg3 Kg8 143. Qd1 Kh8 144. Qc2 Qd7 145. Kh3 Qc7 146. Nd4 Qd7 147. Rb1 Kg8 
148. Kg3 Re8 149. Nf5 Reb8 150. Kh2 Kh8 151. Rb5 Rc7 152. Kg2 Rcb7 153. Kf3 Rc8 
154. Rb1 Rbb8 155. Nd4 Rb7 156. Re1 Rcb8 157. Kg3 Re8 158. Kh3 Reb8 159. Qd1 Rc8 
160. Re3 Re8 161. Qc2 Rc7 162. f5 Qe7 163. Ne6 Rb7 164. Qb1 Qd7 165. Qb5 Qxb5 
166. axb5 Kg8 167. Kg3 Rc8 168. Kf3 Kf7 169. Rc1 Re7 170. Rec3 Rd7 171. Rg1 Ra7 
172. Ra1 Raa8 173. Raa3 Rg8 174. Kf4 Rac8 175. Ra2 Rge8 176. Kf3 Ke7 
177. Nd4 Rg8 178. Rc4 Kd7 179. Ne6 Ke7 180. Rac2 Ra8 181. Ke3 Rab8 182. Rb2 Rbe8 
183. Re2 Rc8 184. Ra2 Ra8 185. Ra3 Rgc8 186. Rac3 Rg8 187. Ke2 Kd7 188. Ra3 Ke7 
189. Nf4 Rgc8 190. Kf3 Rcb8 191. Ke3 Rd8 192. Rac3 Kd7 193. Ne6 Rg8 
194. Ra3 Rgc8 195. Rc1 Rg8 196. Kf3 Ke7 197. Nxc5 dxc5 198. e5 fxe5 199. Ke4 Kd6 
200. g5 hxg5 201. Rg3 Raf8 202. Rxg5 Rf6 203. Rh1 Rgf8 204. Rxg7 Rxf5 
205. Rg6+ Kd7 206. Rxb6 Rf4+ 207. Ke3 Rf3+ 208. Ke4 R8f4+ 209. Kxe5 Rf5+ 
210. Ke4 R5f4+ 211. Ke5 Rf5+ 212. Ke4 R5f4+ 213. Ke5 1/2-1/2

[Event "Monday 15 January Rapid Engine Tour 12+1 Rounds 9 Starts 1600 ST"]
[Site "Infinity Chess"]
[Date "2018.1.15"]
[Round "7"]
[White "hafaba"]
[Black "Neoxium"]
[Result "1/2-1/2"]
[ECO "A05"]
[WhiteElo "2427"]
[BlackElo "2472"]
[WhiteEngine "Stockfish SL 07012018 POPCNT_CTG"]
[BlackEngine "SF SL FA-IDeA"]
[EventType "Swiss"]
[WhiteTeam ""]
[BlackTeam ""]
[PlyCount "51"]
[TimeControl "720+1"]

1. Nf3 Nf6 2. d4 d5 3. c4 e6 4. Nc3 dxc4 5. e4 Bb4 6. Bg5 c5 7. Bxc4 h6 
8. Bxf6 Qxf6 9. e5 Qd8 10. O-O cxd4 11. Qxd4 Qxd4 12. Nxd4 O-O 13. Rad1 Bd7 
14. Ne4 Rd8 15. a3 Be7 16. f4 Be8 17. Nb5 Bc6 18. Ned6 Nd7 19. Nc7 Rab8 
20. Nxf7 Kxf7 21. Nxe6 Rdc8 22. Nc7+ Kg6 23. Bd3+ Kf7 24. Bc4+ Kg6 25. Bd3+ Kf7 
26. Bc4+ 1/2-1/2

[Event "Monday 15 January Rapid Engine Tour 12+1 Rounds 9 Starts 1600 ST"]
[Site "Infinity Chess"]
[Date "2018.1.15"]
[Round "7"]
[White "Vimtiroba"]
[Black "angriff"]
[Result "1/2-1/2"]
[ECO "B00"]
[WhiteElo "2485"]
[BlackElo "2474"]
[WhiteEngine "Corchess 2.0_CTG"]
[BlackEngine "SF_64BIT_POPCNT_CTG"]
[EventType "Swiss"]
[WhiteTeam ""]
[BlackTeam ""]
[PlyCount "109"]
[TimeControl "720+1"]

1. e4 Nc6 2. d4 d5 3. e5 Bf5 4. c3 e6 5. Nf3 f6 6. Bb5 Nge7 7. exf6 gxf6 
8. Nh4 Bg6 9. O-O a6 10. Be2 Bf7 11. Nd2 Ng6 12. Ndf3 e5 13. Nxg6 hxg6 
14. dxe5 Nxe5 15. h3 Bd6 16. Be3 Qe7 17. Re1 O-O-O 18. b4 Nc4 19. Bxc4 dxc4 
20. Bg5 Be6 21. Nd4 Qf7 22. Bxf6 Qxf6 23. Rxe6 Qf4 24. Nf3 Bxb4 25. Qc2 Bc5 
26. Qe2 Kb8 27. Re4 Qd6 28. Nd4 Rh5 29. Qxc4 Rd5 30. Re6 Qf8 31. Qb3 Bxd4 
32. cxd4 Qf5 33. Rxa6 Rb5 34. Rf6 Rxb3 35. Rxf5 Rxh3 36. Rf6 Rh4 37. g3 Rhxd4 
38. Rxg6 c5 39. Kg2 c4 40. Re6 Rd2 41. Re3 Kc7 42. Rc1 R8d4 43. Rec3 b5 
44. a4 Kc6 45. axb5+ Kxb5 46. Kf3 Kc5 47. g4 Kd5 48. g5 Ke6 49. Rxc4 R2d3+ 
50. Ke2 Rd2+ 51. Kf3 R2d3+ 52. Ke2 Rd2+ 53. Kf1 Rd1+ 54. Rxd1 Rxc4 55. Rb1 
1/2-1/2

[Event "Monday 15 January Rapid Engine Tour 12+1 Rounds 9 Starts 1600 ST"]
[Site "Infinity Chess"]
[Date "2018.1.15"]
[Round "6"]
[White "tris77"]
[Black "CrapCleaner"]
[Result "1/2-1/2"]
[ECO "C55"]
[WhiteElo "2320"]
[BlackElo "2401"]
[WhiteEngine "Raubfisch X37b_CTG"]
[BlackEngine "komodo-11.01-64bit_CTG"]
[EventType "Swiss"]
[WhiteTeam ""]
[BlackTeam ""]
[PlyCount "232"]
[TimeControl "720+1"]

1. e4 e5 2. Nf3 Nc6 3. Bc4 Nf6 4. d3 Bc5 5. c3 d6 6. O-O a5 7. Bg5 Ba7 
8. Nbd2 h6 9. Bh4 g5 10. Bg3 O-O 11. Bb3 Be6 12. a4 Qe7 13. Nc4 Qd7 14. Re1 Rae8 
15. Ne3 Ne7 16. Bc2 Bxe3 17. Rxe3 Ng6 18. d4 Qe7 19. h3 Bd7 20. Re1 Nf4 
21. Nh2 Kh8 22. Qd2 Rg8 23. b4 axb4 24. cxb4 N6h5 25. a5 Rg7 26. Rad1 exd4 
27. Qxd4 Nxg3 28. fxg3 Ng6 29. Nf1 Qe5 30. Qf2 Qb5 31. Rb1 Ne5 32. Ne3 Be6 
33. Nd5 Rc8 34. g4 Qd7 35. b5 Qd8 36. a6 bxa6 37. bxa6 c6 38. Nb6 Rc7 
39. Red1 Rg8 40. Ra1 Ra7 41. Nc4 Rxa6 42. Rxa6 Bxc4 43. Ra3 Qe7 44. Bb3 Bxb3 
45. Rxb3 Kh7 46. Ra3 c5 47. Ra6 Rd8 48. Qa2 c4 49. Qf2 Rd7 50. Qd4 Rc7 
51. Qxd6 Qxd6 52. Raxd6 Nd3 53. Rb1 Kg7 54. Kf1 Rc8 55. g3 Nc5 56. Rc1 Nxe4 
57. Rd4 Nf6 58. Rcxc4 Re8 59. Kg2 Re2+ 60. Kf3 Rb2 61. Rb4 Ra2 62. Ra4 Rc2 
63. Rdc4 Rb2 64. Rcb4 Rc2 65. Rc4 Rb2 66. Rcb4 Rc2 67. Ra3 Rc6 68. Rba4 Rc5 
69. Ra5 Rc2 70. Ra2 Rc3+ 71. Kg2 Rb3 72. Re2 Rb7 73. Kf3 Rb3+ 74. Kf2 Rb6 
75. Kg2 Rb3 76. Ra7 Kg6 77. Ra6 Kg7 78. Ra7 Kg6 79. Ra6 Kg7 80. Re7 Rb2+ 
81. Kg1 Rb1+ 82. Kf2 Nd5 83. Re5 Rb2+ 84. Ke1 Nb4 85. Rd6 Rb3 86. Re4 Nd3+ 
87. Ke2 Nc5 88. Re5 Ne6 89. Rd7 Nf8 90. Ra7 Ng6 91. Rf5 Nh8 92. Rf3 Rb2+ 
93. Kf1 Rb1+ 94. Kg2 Rb2+ 95. Rf2 Rb4 96. Rf3 Rb2+ 97. Rf2 Rb4 98. Kh2 Rc4 
99. Re2 Ng6 100. Rb2 Nh8 101. Rg2 Ng6 102. Rf2 Nh8 103. Rfa2 Ng6 104. Re2 Rd4 
105. Rf2 Ne5 106. Kg2 Kg6 107. h4 Nxg4 108. Rfxf7 Rd2+ 109. Kf1 Rd3 
110. Rg7+ Kh5 111. Ra5 Rxg3 112. hxg5 hxg5 113. Rgxg5+ Kh6 114. Ke1 Re3+ 
115. Kd2 Re4 116. Rgf5 Kg6 1/2-1/2

[Event "Monday 15 January Rapid Engine Tour 12+1 Rounds 9 Starts 1600 ST"]
[Site "Infinity Chess"]
[Date "2018.1.15"]
[Round "6"]
[White "Satria_Ungu"]
[Black "ivrdurant"]
[Result "1/2-1/2"]
[ECO "C55"]
[WhiteElo "2410"]
[BlackElo "2417"]
[WhiteEngine "Houdini 6"]
[BlackEngine "Raubfisch X37b1."]
[EventType "Swiss"]
[WhiteTeam ""]
[BlackTeam ""]
[PlyCount "76"]
[TimeControl "720+1"]

1. e4 e5 2. Nf3 Nc6 3. Bc4 Nf6 4. d3 Bc5 5. O-O O-O 6. c3 d6 7. Nbd2 a6 
8. a4 Ba7 9. h3 Ne7 10. Re1 Ng6 11. d4 h6 12. Qb3 c6 13. a5 Rb8 14. Bf1 Re8 
15. Qa4 Be6 16. Qc2 Nh5 17. b4 Nhf4 18. dxe5 Nxe5 19. Nxe5 dxe5 20. Nf3 Qf6 
21. Be3 Bxe3 22. Rxe3 Rbd8 23. Kh2 Ng6 24. g3 Rd7 25. Rd3 Nf8 26. Rad1 c5 
27. Kg2 Rc8 28. Qb2 Rxd3 29. Rxd3 Nd7 30. Be2 Qe7 31. h4 Kh7 32. Rd1 cxb4 
33. Qxb4 Qxb4 34. cxb4 Rc3 35. Rd3 Rc1 36. Rd1 Rc3 37. Rd3 Rc1 38. Rd1 Rc3 
1/2-1/2

[Event "Monday 15 January Rapid Engine Tour 12+1 Rounds 9 Starts 1600 ST"]
[Site "Infinity Chess"]
[Date "2018.1.15"]
[Round "6"]
[White "OlivierEvan"]
[Black "ocirema"]
[Result "1/2-1/2"]
[ECO "E00"]
[WhiteElo "2399"]
[BlackElo "2413"]
[WhiteEngine "Houdini 6"]
[BlackEngine "stockfish_18011309_x64_modern_CTG"]
[EventType "Swiss"]
[WhiteTeam ""]
[BlackTeam ""]
[PlyCount "89"]
[TimeControl "720+1"]

1. d4 Nf6 2. c4 e6 3. g3 Bb4+ 4. Bd2 Be7 5. Bg2 d5 6. Nf3 O-O 7. O-O c6 
8. Qc2 Nbd7 9. Bf4 b6 10. Rd1 Ba6 11. b3 Rc8 12. Nc3 h6 13. Rab1 Nh5 14. Be3 Re8 
15. Ne5 Nhf6 16. f4 Bb7 17. a4 c5 18. Rbc1 Bd6 19. Qa2 Bb8 20. Qb2 Qe7 
21. Bf2 cxd4 22. Nxd7 dxc3 23. Nxf6+ Qxf6 24. Rxc3 h5 25. Qd2 h4 26. Re3 h3 
27. Bf3 Bd6 28. a5 Red8 29. axb6 axb6 30. cxd5 Bxd5 31. Bxd5 exd5 32. Rd3 Qg6 
33. Qe3 Re8 34. Qf3 Rc2 35. Rxd5 Rexe2 36. Rxd6 Rxf2 37. Qa8+ Kh7 38. Rxg6 Rg2+ 
39. Kf1 Rgf2+ 40. Kg1 fxg6 41. f5 Rg2+ 42. Kf1 Rgf2+ 43. Kg1 Rg2+ 44. Kf1 Rgf2+ 
45. Kg1 1/2-1/2

[Event "Monday 15 January Rapid Engine Tour 12+1 Rounds 9 Starts 1600 ST"]
[Site "Infinity Chess"]
[Date "2018.1.15"]
[Round "6"]
[White "SkyPilot"]
[Black "MarioDeMonti"]
[Result "1-0"]
[ECO "C55"]
[WhiteElo "2434"]
[BlackElo "2426"]
[WhiteEngine "stockfish_x64_bmi2_2018_01_01_CTG"]
[BlackEngine "stockfish_x64_bmi2_2018_01_01_CTG"]
[EventType "Swiss"]
[WhiteTeam ""]
[BlackTeam ""]
[PlyCount "149"]
[TimeControl "720+1"]

1. e4 e5 2. Nf3 Nc6 3. Bc4 Nf6 4. d3 Bc5 5. c3 d6 6. O-O O-O 7. Bg5 h6 8. Bh4 a5 
9. Nbd2 Be6 10. a3 Qe7 11. h3 g5 12. Bg3 Bxc4 13. Nxc4 a4 14. Re1 Qe6 
15. Qe2 Rfe8 16. Rad1 b5 17. Ncd2 Rab8 18. Nf1 Bb6 19. Bh2 g4 20. hxg4 Nxg4 
21. Bg3 f5 22. Nh4 f4 23. Nf5 Nf6 24. Bh4 Ne7 25. g4 h5 26. Nh2 Kf8 27. Kg2 Nxg4 
28. Nxg4 Qg8 29. f3 Nxf5 30. exf5 b4 31. axb4 a3 32. bxa3 Ra8 33. Ra1 Be3 
34. Bf6 hxg4 35. fxg4 Kf7 36. Bh4 Kf8 37. Qf3 Bd2 38. Re2 Bxc3 39. Rh1 Rxa3 
40. g5 Qf7 41. f6 Qg6 42. Qg4 e4 43. Qxf4 Qh5 44. Rf2 Ra1 45. Rh3 exd3 
46. g6 Qxg6+ 47. Rg3 Bd2 48. Rxd2 Qe4+ 49. Qxe4 Rxe4 50. Bg5 Re2+ 51. Kh3 Re4 
52. b5 Rh1+ 53. Kg2 Rh5 54. Rdxd3 Rb4 55. Bd2 Rbxb5 56. Rg7 Rbf5 57. Bc3 Ke8 
58. Rxc7 Rfg5+ 59. Rg3 Rxg3+ 60. Kxg3 Rg5+ 61. Kf3 Rh5 62. Ke4 d5+ 63. Kf4 Rh4+ 
64. Kf5 Kd8 65. f7 Rh5+ 66. Ke6 Rh6+ 67. Kxd5 Rh5+ 68. Be5 Rxe5+ 69. Kxe5 Kxc7 
70. Kd5 Kb6 71. f8=Q Kb7 72. Kd6 Ka6 73. Qb8 Ka5 74. Kc5 Ka4 75. Qb4# 1-0

[Event "Monday 15 January Rapid Engine Tour 12+1 Rounds 9 Starts 1600 ST"]
[Site "Infinity Chess"]
[Date "2018.1.15"]
[Round "6"]
[White "RonWeasley"]
[Black "Vimtiroba"]
[Result "0-1"]
[ECO "C53"]
[WhiteElo "2458"]
[BlackElo "2469"]
[WhiteEngine "BrainFish 130117_CTG"]
[BlackEngine "Corchess 2.0_CTG"]
[EventType "Swiss"]
[WhiteTeam ""]
[BlackTeam ""]
[PlyCount "342"]
[TimeControl "720+1"]

1. e4 e5 2. Nf3 Nc6 3. Bc4 Bc5 4. c3 Nf6 5. d3 d6 6. Bb3 a5 7. O-O O-O 8. a4 h6 
9. h3 Be6 10. Bxe6 fxe6 11. Na3 d5 12. Qc2 Nh5 13. Kh2 Qe7 14. Qe2 Rf6 
15. Be3 Raf8 16. Nc2 Bd6 17. Rae1 Qe8 18. Kh1 Ne7 19. Ra1 Qg6 20. Nd2 c5 
21. g4 Nf4 22. Bxf4 Rxf4 23. Ne3 Qf6 24. f3 Qh4 25. Qh2 R4f7 26. Ng2 Qg5 
27. Rad1 Ng6 28. h4 Qd8 29. h5 Nf4 30. Nxf4 Rxf4 31. Qe2 Be7 32. Kg2 Bg5 
33. b3 R4f7 34. exd5 exd5 35. c4 Bf4 36. cxd5 Qh4 37. Kg1 Rd8 38. Qf2 Bg3 
39. Qg2 Bf4 40. Qf2 Qh3 41. Ne4 Rxd5 42. Rfe1 b6 43. Qg2 Qh4 44. Qf2 Qd8 
45. Qe2 Rd4 46. Kg2 Kh8 47. Rh1 Qd5 48. Qc2 Rd7 49. Nc3 Qf7 50. Ne4 Qd5 
51. Nc3 Qf7 52. Ne4 Qe6 53. Nf2 Be3 54. Ne4 Bf4 55. Rhe1 Qe7 56. Qe2 Qd8 
57. Qc2 R7d5 58. Qb1 Qh4 59. Rh1 Qd8 60. Rhe1 Rb4 61. Qc2 Rd7 62. Rb1 Rbd4 
63. Rbd1 Rb4 64. Kh3 Qf8 65. Kg2 Qe7 66. Re2 Qd8 67. Ree1 Qh4 68. Rh1 Qd8 
69. Rhe1 Qe7 70. Rb1 Rbd4 71. Rbd1 Qd8 72. Re2 Kg8 73. Ree1 Rb4 74. Kh3 Qa8 
75. Rb1 Qf8 76. Kg2 Rbd4 77. Nf2 Qf6 78. Qe2 Rd8 79. Rh1 Kh8 80. Qc2 Rb4 
81. Ne4 Qf8 82. Rhe1 Rd7 83. Red1 Rbd4 84. Qe2 Qd8 85. Nf2 Rf7 86. Ne4 Rfd7 
87. Nf2 Qh4 88. Rh1 Qf6 89. Rhd1 Qe7 90. Rh1 Rd8 91. Rhe1 e4 92. Nxe4 Qf7 
93. Nf2 Bd6 94. Rh1 Re8 95. Ne4 Bb8 96. Rh3 Qd5 97. Rhh1 Rf8 98. Rhf1 Qd7 
99. f4 Re8 100. Rbd1 Rb4 101. Rb1 Rd4 102. Rbd1 Qd5 103. f5 Be5 104. g5 Qxb3 
105. Rb1 Qd5 106. Rxb6 c4 107. Re6 Rd8 108. dxc4 Qxe4+ 109. Qxe4 Rxe4 
110. gxh6 gxh6 111. Rxh6+ Kg8 112. Re6 Rdd4 113. Rb1 Rxc4 114. Rb7 Rg4+ 
115. Kf3 Rcf4+ 116. Ke2 Rg2+ 117. Ke3 Rg3+ 118. Ke2 Rg7 119. Rb5 Bc3 
120. Ke3 Rf1 121. Ke2 Rh1 122. Rc6 Rh2+ 123. Kd3 Rh3+ 124. Kc4 Bb4 125. Rh6 Rc7+ 
126. Kd5 Kg7 127. Rg6+ Kh7 128. Rg2 Rxh5 129. Ke5 Bc3+ 130. Kd6 Rf7 
131. Rg3 Bb4+ 132. Ke6 Re7+ 133. Kf6 Rh6+ 134. Rg6 Rc7 135. Rb6 Rxg6+ 
136. fxg6+ Kh6 137. Ra6 Rc3 138. Ke5 Kg7 139. Rb6 Rg3 140. Ra6 Rg5+ 
141. Kd4 Rxg6 142. Ra8 Rh6 143. Re8 Rh4+ 144. Kd5 Kf6 145. Re3 Rf4 146. Kc6 Rf5 
147. Re4 Rc5+ 148. Kb7 Re5 149. Rd4 Kf5 150. Rd1 Re6 151. Kc8 Kf4 152. Kd7 Re5 
153. Kc6 Ke3 154. Rh1 Kd3 155. Rh8 Kc4 156. Kd7 Kb3 157. Rb8 Kxa4 158. Ra8 Kb3 
159. Kc6 a4 160. Rb8 a3 161. Rd8 a2 162. Ra8 Ra5 163. Rh8 a1=Q 164. Rh3+ Bc3 
165. Rd3 Qa4+ 166. Kd6 Qb4+ 167. Kd7 Ra7+ 168. Kc6 Qe4+ 169. Kb5 Rb7+ 
170. Kc5 Rc7+ 171. Kd6 Qc6# 0-1

[Event "Monday 15 January Rapid Engine Tour 12+1 Rounds 9 Starts 1600 ST"]
[Site "Infinity Chess"]
[Date "2018.1.15"]
[Round "6"]
[White "Katzenmaier"]
[Black "Thinker"]
[Result "1/2-1/2 "]
[ECO "C26"]
[WhiteElo "2479"]
[BlackElo "2459"]
[WhiteEngine "S_XPrO.251117.x64.POPCNT_CTG"]
[BlackEngine "BrainFish_180113_x64_modern_CTG"]
[EventType "Swiss"]
[WhiteTeam ""]
[BlackTeam ""]
[PlyCount "166"]
[TimeControl "720+1"]

1. e4 e5 2. Nc3 Nf6 3. g3 Bc5 4. Bg2 O-O 5. Nge2 Nc6 6. Na4 d6 7. Nxc5 dxc5 
8. O-O h6 9. b3 Bg4 10. f3 Bd7 11. d3 Re8 12. h3 Qe7 13. f4 Rad8 14. g4 exf4 
15. Bxf4 Ne5 16. Ng3 Ng6 17. Bd2 Nh7 18. Nf5 Bxf5 19. gxf5 Ne5 20. Qe1 Nf6 
21. Qf2 Kh7 22. Rae1 Rg8 23. Bf3 g5 24. Bd1 b5 25. Be3 Nfd7 26. Kh1 a5 
27. Rg1 b4 28. Rg2 Kg7 29. Bc1 f6 30. Reg1 Nc6 31. h4 Rh8 32. Rg3 Rdg8 
33. Be3 Qd6 34. Bh5 Nd4 35. Rc1 Ne5 36. Rgg1 a4 37. bxa4 Ra8 38. Qg3 Qe7 
39. c3 bxc3 40. Rxc3 Rxa4 41. a3 Rb8 42. hxg5 hxg5 43. Rxc5 Qxc5 44. Bxg5 Nxf5 
45. Bh6+ Kh8 46. Bg7+ Kg8 47. exf5 Qd5+ 48. Kh2 Rh4+ 49. Qxh4 Rb2+ 50. Kh3 Qxd3+ 
51. Qg3 Qxf5+ 52. Bg4 Nxg4 53. Bxf6 Qxf6 54. Qxg4+ Kh7 55. Qh5+ Qh6 
56. Qxh6+ Kxh6 57. Ra1 Kg5 58. a4 Kf4 59. a5 Rb7 60. a6 Ra7 61. Rb1 Rxa6 
62. Rf1+ Ke5 63. Re1+ Kd6 64. Kg3 Ra3+ 65. Kf2 Ra5 66. Rd1+ Rd5 67. Ra1 Re5 
68. Rd1+ Kc5 69. Kf3 c6 70. Rc1+ Kb5 71. Kf4 Rh5 72. Rb1+ Kc5 73. Rc1+ Kd5 
74. Rd1+ Kc4 75. Rc1+ Kb5 76. Rb1+ Ka4 77. Ke4 Rd5 78. Ra1+ Kb5 79. Rb1+ Ka4 
80. Ra1+ Kb4 81. Rb1+ Kc4 82. Rc1+ Kb5 83. Ra1 Rd6 1/2-1/2

[Event "Monday 15 January Rapid Engine Tour 12+1 Rounds 9 Starts 1600 ST"]
[Site "Infinity Chess"]
[Date "2018.1.15"]
[Round "6"]
[White "Marsell"]
[Black "THE_MACHINE"]
[Result "1/2-1/2"]
[ECO "C53"]
[WhiteElo "2485"]
[BlackElo "2494"]
[WhiteEngine "asmFishW_2018-01-11_popcnt"]
[BlackEngine "Houdini 6"]
[EventType "Swiss"]
[WhiteTeam ""]
[BlackTeam ""]
[PlyCount "208"]
[TimeControl "720+1"]

1. e4 e5 2. Nf3 Nc6 3. Bc4 Bc5 4. c3 Nf6 5. d3 d6 6. O-O O-O 7. h3 h6 8. Re1 Bb6 
9. Nbd2 Na5 10. Bb5 c5 11. Nc4 Bc7 12. Nxa5 Bxa5 13. Bc4 Bd7 14. a4 a6 
15. Bb3 b5 16. Nh4 b4 17. Bd2 Rb8 18. Bc4 Bc8 19. Qf3 bxc3 20. Bxc3 Bb4 
21. a5 Kh7 22. Nf5 Ne8 23. Ne3 Nc7 24. Qg3 Qf6 25. Rf1 Be6 26. h4 Nb5 
27. Rfc1 Rg8 28. Rc2 Nc7 29. f3 Rb7 30. Qf2 g5 31. h5 Qe7 32. Rd2 Qd7 
33. Qf1 Rgb8 34. Rf2 Qe8 35. Rc2 Qd8 36. Qe1 Ra7 37. Ra4 Qd7 38. Ra1 Ne8 
39. Rd2 Nf6 40. g4 Ne8 41. Nc2 Nc7 42. Bxb4 cxb4 43. Ne3 Qe7 44. Rf2 b3 
45. Qd1 Qf6 46. Kg2 Qf4 47. Bxe6 fxe6 48. Nf1 Nb5 49. Qxb3 Qf7 50. Ne3 Rab7 
51. Nc2 Na7 52. Qa3 Qd7 53. b4 Nb5 54. Qb2 Rc7 55. Rd1 Nc3 56. Rc1 Na4 
57. Qb3 d5 58. exd5 exd5 59. Re1 Nc5 60. Qa3 Ne6 61. Rxe5 Nf4+ 62. Kf1 Re8 
63. Rxe8 Qxe8 64. Rd2 d4 65. Qb2 Qc6 66. Ne1 Re7 67. Qc2 Qa8 68. Rf2 Qb8 
69. Ng2 Rc7 70. Qd1 Qc8 71. Ne1 Qe6 72. Rc2 Rf7 73. Ng2 Nd5 74. Kg1 Nc3 
75. Qf1 Qd6 76. Rf2 Rb7 77. Rb2 Rg7 78. f4 gxf4 79. Qf3 Qe6 80. Kf1 Qxg4 
81. Qxg4 Rxg4 82. Rf2 Nd5 83. b5 axb5 84. a6 Rg7 85. Nxf4 Nc7 86. a7 Na8 
87. Ne2 Rxa7 88. Nxd4 b4 89. Rf6 Rb7 90. Nb3 Nb6 91. Kf2 Na4 92. Rf5 Nc3 
93. Ke3 Rb5 94. Rxb5 Nxb5 95. d4 Kg7 96. Kd3 Nd6 97. d5 Kf6 98. Kd4 Ke7 
99. Kc5 Nb7+ 100. Kc4 Kd6 101. Kxb4 Kxd5 102. Kc3 Ke4 103. Nd4 Na5 104. Ne6 Nb7 
1/2-1/2

[Event "Monday 15 January Rapid Engine Tour 12+1 Rounds 9 Starts 1600 ST"]
[Site "Infinity Chess"]
[Date "2018.1.15"]
[Round "6"]
[White "Coco69"]
[Black "Harry_Potter"]
[Result "1/2-1/2"]
[ECO "C53"]
[WhiteElo "2426"]
[BlackElo "2507"]
[WhiteEngine "asmfishw_2018-01-12_base_CTG"]
[BlackEngine "Stockfish_18011309_x64_bmi2_CTG"]
[EventType "Swiss"]
[WhiteTeam ""]
[BlackTeam ""]
[PlyCount "93"]
[TimeControl "720+1"]

1. e4 e5 2. Nf3 Nc6 3. Bc4 Bc5 4. c3 Nf6 5. d4 exd4 6. e5 d5 7. Bb5 Ne4 
8. cxd4 Bb6 9. O-O Bg4 10. a4 a5 11. Nc3 O-O 12. Bxc6 bxc6 13. h3 Bh5 14. Be3 f6 
15. g4 Be8 16. exf6 Nxf6 17. Rc1 Qd6 18. Kg2 Rb8 19. Ne5 Nd7 20. Nd3 Bg6 
21. f4 Be4+ 22. Nxe4 dxe4 23. Ne5 Nxe5 24. fxe5 Qb4 25. Rxf8+ Rxf8 26. Rxc6 Rf3 
27. Qe2 Qxa4 28. Rc3 Bxd4 29. Bxd4 Qxd4 30. Rxf3 exf3+ 31. Kxf3 Kf7 32. Qb5 a4 
33. Qc6 Qxe5 34. Qxa4 Qxb2 35. Qc4+ Kf8 36. Qxc7 Qa3+ 37. Ke2 Qxh3 38. Qd8+ Kf7 
39. Qd7+ Kf8 40. Qd8+ Kf7 41. Qd7+ Kf8 42. Qc8+ Ke7 43. Qc5+ Kf6 44. Qf5+ Ke7 
45. Qc5+ Ke6 46. Qc4+ Ke7 47. Qc5+ 1/2-1/2

[Event "Monday 15 January Rapid Engine Tour 12+1 Rounds 9 Starts 1600 ST"]
[Site "Infinity Chess"]
[Date "2018.1.15"]
[Round "6"]
[White "KULLANI"]
[Black "Neoxium"]
[Result "1/2-1/2"]
[ECO "C50"]
[WhiteElo "2453"]
[BlackElo "2473"]
[WhiteEngine "BrainFish_180106_x64_CTG"]
[BlackEngine "SF SL FA-IDeA"]
[EventType "Swiss"]
[WhiteTeam ""]
[BlackTeam ""]
[PlyCount "131"]
[TimeControl "720+1"]

1. e4 e5 2. Nf3 Nc6 3. Bc4 Bc5 4. O-O Nf6 5. d3 d6 6. c3 a5 7. Re1 O-O 
8. Nbd2 Be6 9. Bb5 Qb8 10. Nf1 Qa7 11. Be3 Bxe3 12. Nxe3 Ne7 13. a4 c6 
14. Bc4 d5 15. exd5 cxd5 16. Bb5 Qb8 17. Nc2 Ng6 18. Qe2 Bg4 19. Qe3 Bxf3 
20. Qxf3 Qc7 21. Ne3 Rad8 22. Rac1 Qd6 23. d4 e4 24. Qh3 Nf4 25. Qh4 Ng6 
26. Qg5 Qb6 27. Rf1 h6 28. Qg3 Nh5 29. Qg4 Nf6 30. Qf5 Ne7 31. Qe5 Qd6 
32. Qxd6 Rxd6 33. Rce1 Re6 34. f3 exf3 35. gxf3 Rd8 36. Re2 g6 37. Ng4 Nxg4 
38. fxg4 Kg7 39. Bd3 g5 40. Ref2 f6 41. h4 gxh4 42. Kg2 Re8 43. Bb5 Rh8 
44. Bd7 Rd6 45. Bf5 Nxf5 46. Rxf5 b5 47. axb5 Rb8 48. R1f2 Rxb5 49. c4 Rb4 
50. c5 Rd7 51. Rxf6 Rxd4 52. Kh3 Rc4 53. Rc6 d4 54. Rd2 d3 55. Rc8 Rdd4 
56. c6 Rd6 57. c7 Rd7 58. Rd8 Rcxc7 59. Rxd3 Rxd8 60. Rxd8 Rb7 61. Rd5 Rxb2 
62. Rxa5 Kf7 63. Kxh4 Kf6 64. Kg3 Rb4 65. Ra6+ Kg7 66. Ra5 1/2-1/2

[Event "Monday 15 January Rapid Engine Tour 12+1 Rounds 9 Starts 1600 ST"]
[Site "Infinity Chess"]
[Date "2018.1.15"]
[Round "6"]
[White "angriff"]
[Black "hafaba"]
[Result "1/2-1/2"]
[ECO "B00"]
[WhiteElo "2476"]
[BlackElo "2425"]
[WhiteEngine "SF_64BIT_POPCNT_CTG"]
[BlackEngine "Stockfish SL 07012018 POPCNT_CTG"]
[EventType "Swiss"]
[WhiteTeam ""]
[BlackTeam ""]
[PlyCount "111"]
[TimeControl "720+1"]

1. e4 Nc6 2. d4 d5 3. e5 Bf5 4. Nf3 e6 5. c3 f6 6. Bb5 Nge7 7. exf6 gxf6 
8. Nh4 Bg6 9. O-O Qd7 10. Nd2 Nf5 11. Ndf3 O-O-O 12. Nxf5 Bxf5 13. Nh4 Be4 
14. Bf4 a6 15. Ba4 Bd6 16. Qd2 Bxf4 17. Qxf4 e5 18. dxe5 fxe5 19. Bxc6 Qxc6 
20. Qxe5 Rde8 21. Qd4 Qh6 22. f3 Qxh4 23. fxe4 Qxe4 24. Qxe4 Rxe4 25. Rad1 c6 
26. Rd2 h5 27. Rdf2 d4 28. cxd4 Rxd4 29. Rf5 Kc7 30. Rf7+ Kb6 31. g3 Rhd8 
32. Rh7 Rd2 33. Rff7 Rd1+ 34. Kg2 R1d2+ 35. Kh3 Rb8 36. b4 Rxa2 37. Rxh5 Ra4 
38. Rf4 a5 39. bxa5+ Rxa5 40. Rh6 Rd5 41. g4 Kc5 42. Rf1 b5 43. Rc1+ Kd4 
44. Rhxc6 b4 45. R6c4+ Kd3 46. Rc6 Ke3 47. Re6+ Kd2 48. Ree1 Rd3+ 49. Kg2 b3 
50. Red1+ Ke3 51. Kg3 b2 52. Rxd3+ Kxd3 53. Rd1+ Kc2 54. Re1 Rb3+ 55. Kf4 b1=Q 
56. Rxb1 1/2-1/2